Map: Kairos Junction LE

Players

llllllllllll (Oliveira)

  • Race: Terran Terran
  • League: Master
  • Spawn Location: 11:00

lIlIlIlIIlIl - Winner!

  • Race: Protoss Protoss
  • League: Master
  • Spawn Location: 5:00

Event: 2019 Assembly Summer

VOD

Have the link to the VOD?

Description

Time

  • Played on: Aug. 2, 2019, 5:13 a.m.
  • Length: 6:48

All games in this series

Show
View Real Time Build Order
Export as new Build Order

llllllllllll Terran 

Build Orders:  

Get SALT Encoding   

  12  0:01  SCV  
  13  0:13  SCV  
  14  0:19  Supply Depot  
  14  0:25  SCV  
  15  0:42  Barracks  
  15  0:48  Barracks  
  15  0:51  SCV  
  16  0:57  Refinery  
  16  1:03  SCV  
  17  1:15  SCV  
  18  1:30  Orbital Command  
  18  1:31  Barracks Tech Lab  
  18  1:34  Marine  
  19  1:42  Supply Depot  
  19  1:50  Marauder  
  19  1:52  Marine  
  22  1:57  Concussive Shells  
  22  1:59  SCV  
  23  2:10  Marine  
  23  2:11  Marauder  
  23  2:15  SCV  
  27  2:24  Supply Depot  
  27  2:27  SCV  
  27  2:28  Marine  
  29  2:33  Marauder  
  31  2:45  SCV  
  31  2:47  Bunker  
  32  2:57  Factory, SCV  
  32  2:58  Refinery  
  32  3:03  Marine  
  33  3:08  Supply Depot  
  33  3:09  SCV  
  34  3:21  SCV  
  34  3:25  Barracks Reactor  
  35  3:35  SCV  
  35  3:41  Factory Tech Lab  
  36  3:51  Supply Depot  
  36  3:59  Siege Tank  
  36  4:01  Marine x2  
  41  4:03  Starport  
  41  4:04  SCV  
  41  4:06  Marine  
  43  4:17  Command Center  
  43  4:19  Marine  
  43  4:20  Marine  
  45  4:24  SCV  
  45  4:27  Marine  
  47  4:36  Siege Tank  
  50  4:42  Supply Depot  
  50  4:48  Medivac  
  50  4:52  Marine  
  53  4:54  SCV  
  53  4:58  Marine  
  55  5:00  Barracks Tech Lab  
  55  5:06  SCV  
  56  5:10  Marine  
  57  5:16  Marine  
  57  5:18  SCV  
  57  5:20  Marine  
  60  5:28  Marine  
  61  5:31  Siege Tank  
  61  5:34  Marine  
  65  5:42  Liberator, Bunker  
  65  5:45  Marine  
  65  5:47  Marine  
  67  5:51  Bunker x2  
  67  5:53  Marine  
  68  6:01  SCV  
  68  6:02  Marine  
  73  6:05  Marine  
  73  6:11  Bunker  
  74  6:13  Marine  
  74  6:17  Engineering Bay  
  73  6:24  Marine  
  65  6:28  Marine  
Show
View Real Time Build Order
Export as new Build Order

lIlIlIlIIlIl Protoss - Winner!

Build Orders: 1 Gate Expand, Colossus Rush 

Get SALT Encoding   

  12  0:00  Probe  
  13  0:12  Probe  
  14  0:19  Pylon  
  14  0:24  Probe  
  15  0:33  Probe  
  15  0:38  Gateway  
  15  0:41  Probe  
  16  0:47  Assimilator  
  17  0:51  Probe  
  18  1:03  Probe  
  19  1:15  Probe  
  20  1:25  Cybernetics Core  
  20  1:36  Nexus  
  20  1:39  Zealot  
  22  1:46  Pylon  
  22  1:49  Probe  
  23  1:55  Assimilator  
  23  1:56  Stalker  
  23  2:04  Probe  
  26  2:09  Warp Gate  
  26  2:20  Stalker  
  26  2:21  Shield Battery  
  26  2:24  Shield Battery  
  28  2:38  Shield Battery  
  28  2:50  Stalker  
  30  2:59  Probe  
  30  3:00  Probe  
  30  3:02  Pylon  
  32  3:08  Probe  
  32  3:09  Probe, Robotics Facility  
  34  3:16  Probe  
  34  3:17  Probe  
  34  3:26  Probe x2  
  36  3:28  Sentry  
  40  3:38  Probe x2  
  40  3:41  Assimilator  
  42  3:43  Assimilator  
  42  3:47  Probe  
  42  3:50  Probe  
  44  3:55  Probe  
  44  3:56  Pylon  
  44  3:57  Observer  
  44  4:02  Gateway  
  46  4:03  Probe  
  46  4:04  Probe  
  46  4:05  Sentry  
  50  4:12  Pylon  
  50  4:13  Probe  
  50  4:15  Probe  
  52  4:20  Observer  
  52  4:21  Probe  
  53  4:28  Probe  
  53  4:29  Robotics Bay  
  55  4:31  Probe  
  55  4:33  Forge  
  56  4:40  Probe  
  56  4:41  Observer  
  56  4:43  Probe  
  59  4:45  Gateway  
  59  4:50  Immortal  
  59  4:52  Probe  
  61  5:03  Zealot  
  61  5:04  Zealot  
  68  5:07  Pylon  
  68  5:12  Gateway  
  68  5:19  Colossus  
  68  5:26  Zealot x2  
  78  5:37  Shield Battery  
  78  5:46  Pylon  
  78  5:47  Pylon  
  77  6:02  Pylon  
  77  6:07  Zealot x3  
  77  6:08  Zealot  
  85  6:14  Pylon  
  81  6:31  Stalker x4  
Tags
 
Add a new tag
Caveats
  • Supply blocks, unpowered buildings, or Contaminate may cause inaccurate times.
  • Supply counts are checked every 10 seconds.